TOP OF THE 1ST |
Coastal Carolina University Chanticleers batting - Pitching for Florida State University Seminoles : RHP Pat Knapke
|
Pitching: RHP Pat Knapke
|
|
Batting: RHB Ferri Casteleijn
|
0-0: Ground out 3-1 (Groundball, 34S, EV 83.1 MPH)
|
Batting: RHB Tristan Williams
|
0-0: Fly out, F7 (Flyball, 7S, EV 82.5 MPH)
|
Batting: RHB Mark Tart
|
0-0: Ball 1-0: Ground out 6-3 (Groundball, 6D, EV 80.0 MPH)
|
Top of the 1st over - 0 runs, 0 hits, 0 errors, 0 left on base; Coastal Carolina University 0 - Florida State University 0 |
BOTTOM OF THE 1ST |
Florida State University Seminoles batting - Pitching for Coastal Carolina University Chanticleers : RHP John Pippy
|
Pitching: RHP John Pippy
|
|
Batting: SHB Jon Odle
|
0-0: Foul Ball, location: 2F 0-1: Foul Ball, location: 2RF 0-2: Ball 1-2: Strikes out swinging
|
Batting: RHB Johnny Sherwood
|
0-0: Swinging Strike 0-1: Fly out, F8 (Flyball, 8LS, EV 73.1 MPH)
|
Batting: RHB Tony Valdez
|
0-0: Called Strike 0-1: Foul Ball, location: 2F 0-2: Foul Ball, location: 9LSF 0-2: Ball 1-2: Ball 2-2: Ball 3-2: SINGLE (Groundball, 34D, EV 101.3 MPH)
|
Batting: RHB Shu-yaan Louis
|
0-0: Ball 1-0: Ball 2-0: Called Strike 2-1: Foul Ball, location: 3DF 2-2: Ball 3-2: Foul Ball, location: 3F 3-2: Ground out 5-3 (Groundball, 5S, EV 88.8 MPH)
|
Bottom of the 1st over - 0 runs, 1 hit, 0 errors, 1 left on base; Coastal Carolina University 0 - Florida State University 0 |
TOP OF THE 2ND |
Coastal Carolina University Chanticleers batting - Pitching for Florida State University Seminoles : RHP Pat Knapke
|
Batting: RHB Chris McDaniel
|
0-0: Called Strike 0-1: Swinging Strike 0-2: Strikes out swinging
|
Batting: LHB Nate Kokx
|
0-0: Swinging Strike 0-1: Called Strike 0-2: Ball 1-2: Foul Ball, location: 7LDF 1-2: Ball 2-2: Foul Ball, location: 2F 2-2: Strikes out swinging
|
Batting: LHB Justin Sanders
|
0-0: Ball 1-0: Swinging Strike 1-1: Called Strike 1-2: Strikes out looking
|
Top of the 2nd over - 0 runs, 0 hits, 0 errors, 0 left on base; Coastal Carolina University 0 - Florida State University 0 |
BOTTOM OF THE 2ND |
Florida State University Seminoles batting - Pitching for Coastal Carolina University Chanticleers : RHP John Pippy
|
Batting: LHB Jeff Shields
|
0-0: Swinging Strike 0-1: Foul Ball, location: 2F 0-2: Ball 1-2: Strikes out swinging
|
Batting: SHB John Welsh
|
0-0: Ground out U3 (Groundball, 3, EV 101.3 MPH)
|
Batting: LHB Matt Stewart
|
0-0: Ball 1-0: Ground out 6-3 (Groundball, 6, EV 86.3 MPH)
|
Bottom of the 2nd over - 0 runs, 0 hits, 0 errors, 0 left on base; Coastal Carolina University 0 - Florida State University 0 |
TOP OF THE 3RD |
Coastal Carolina University Chanticleers batting - Pitching for Florida State University Seminoles : RHP Pat Knapke
|
Batting: RHB Rene Napoles
|
0-0: Foul Ball, location: 5FF 0-1: Foul Ball, location: 3F 0-2: Strikes out swinging
|
Batting: LHB Jason Melek
|
0-0: Ball 1-0: Called Strike 1-1: SINGLE (Flyball, 9LS, EV 91.9 MPH)
|
Batting: SHB Iher Waithaka
|
0-0: Swinging Strike 0-1: Foul Ball, location: 5SF 0-2: Fielders Choice at 2nd, 6-4 (Groundball, 6, EV 83.8 MPH)
|
Batting: RHB Ferri Casteleijn
|
0-0: Called Strike Iher Waithaka steals 2nd base 0-1: Swinging Strike 0-2: Foul Ball, location: 2F 0-2: Ball 1-2: Strikes out swinging
|
Top of the 3rd over - 0 runs, 1 hit, 0 errors, 1 left on base; Coastal Carolina University 0 - Florida State University 0 |
BOTTOM OF THE 3RD |
Florida State University Seminoles batting - Pitching for Coastal Carolina University Chanticleers : RHP John Pippy
|
Batting: RHB J.R. Harvey
|
0-0: Called Strike 0-1: Ball 1-1: Foul Ball, location: 3F 1-2: Strikes out swinging
|
Batting: RHB George Smienk
|
0-0: Called Strike 0-1: Foul Ball, location: 2F 0-2: Strikes out swinging
|
Batting: SHB Jon Odle
|
0-0: Ball 1-0: Foul Ball, location: 2F 1-1: Ball 2-1: Swinging Strike 2-2: Fly out, F8 (Flyball, 8LD, EV 106.3 MPH)
|
Bottom of the 3rd over - 0 runs, 0 hits, 0 errors, 0 left on base; Coastal Carolina University 0 - Florida State University 0 |
TOP OF THE 4TH |
Coastal Carolina University Chanticleers batting - Pitching for Florida State University Seminoles : RHP Pat Knapke
|
Batting: RHB Tristan Williams
|
0-0: Called Strike 0-1: Called Strike 0-2: Ball 1-2: Ball 2-2: Strikes out looking
|
Batting: RHB Mark Tart
|
0-0: DOUBLE (Line Drive, 7LM, EV 103.1 MPH)
|
Batting: RHB Chris McDaniel
|
0-0: Ball 1-0: Ball 2-0: Ground out 2-3 (Groundball, 15S, EV 70.0 MPH)
|
Batting: LHB Nate Kokx
|
0-0: Ball 1-0: Called Strike 1-1: Swinging Strike 1-2: Ball 2-2: Strikes out swinging
|
Top of the 4th over - 0 runs, 1 hit, 0 errors, 1 left on base; Coastal Carolina University 0 - Florida State University 0 |
BOTTOM OF THE 4TH |
Florida State University Seminoles batting - Pitching for Coastal Carolina University Chanticleers : RHP John Pippy
|
Batting: RHB Johnny Sherwood
|
0-0: Ball 1-0: Ball 2-0: Ball 3-0: Base on Balls
|
Batting: RHB Tony Valdez
|
0-0: DOUBLE (Line Drive, 9LS, EV 100.0 MPH) Johnny Sherwood to third Runner from 3rd tries for Home, SAFE, throw by RF to home
|
Batting: RHB Shu-yaan Louis
|
0-0: Ball 1-0: Ball 2-0: SINGLE (Line Drive, 6D, EV 94.4 MPH) Tony Valdez to third
|
Batting: LHB Jeff Shields
|
0-0: Ball 1-0: Foul Ball, location: 2F 1-1: Called Strike 1-2: Ball 2-2: Ball 3-2: Foul Ball, location: 2F 3-2: Fly out, F7 (Flyball, 78S, EV 99.4 MPH)
|
Batting: SHB John Welsh
|
0-0: Called Strike 0-1: Called Strike 0-2: Foul Ball, location: 2F 0-2: Foul Ball, location: 2F 0-2: Ball 1-2: Ball 2-2: Strikes out swinging
|
Batting: LHB Matt Stewart
|
0-0: Called Strike 0-1: Foul Ball, location: 7LMF 0-2: Ball 1-2: Ball 2-2: Ball Wild Pitch! Tony Valdez scores Shu-yaan Louis to second 3-2: Foul Ball, location: 7LMF 3-2: SINGLE (Groundball, 4MD, EV 101.9 MPH) Shu-yaan Louis to third
|
Batting: RHB J.R. Harvey
|
0-0: Ball 1-0: Called Strike 1-1: Ball 2-1: Called Strike 2-2: Ball 3-2: Fly out, F8 (Flyball, 89M, EV 104.4 MPH)
|
Bottom of the 4th over - 2 runs, 3 hits, 0 errors, 2 left on base; Coastal Carolina University 0 - Florida State University 2 |
TOP OF THE 5TH |
Coastal Carolina University Chanticleers batting - Pitching for Florida State University Seminoles : RHP Pat Knapke
|
Batting: LHB Justin Sanders
|
0-0: Called Strike 0-1: Foul Ball, location: 7LDF 0-2: Ball 1-2: Foul Ball, location: 7LSFF 1-2: SINGLE (Groundball, 6S, EV 70.0 MPH) (infield hit)
|
Batting: RHB Rene Napoles
|
0-0: Called Strike Justin Sanders is caught stealing 2nd base 2-4 0-1: Ball 1-1: Ground out 5-3 (Groundball, 5L, EV 82.5 MPH)
|
Batting: LHB Jason Melek
|
0-0: Called Strike 0-1: Foul Ball, location: 25FF 0-2: Ball 1-2: Ball 2-2: Strikes out swinging
|
Top of the 5th over - 0 runs, 1 hit, 0 errors, 0 left on base; Coastal Carolina University 0 - Florida State University 2 |
BOTTOM OF THE 5TH |
Florida State University Seminoles batting - Pitching for Coastal Carolina University Chanticleers : RHP John Pippy
|
Batting: RHB George Smienk
|
0-0: Called Strike 0-1: Ball 1-1: Ground out 4-3 (Groundball, 4, EV 85.0 MPH)
|
Pitching: RHP Eric Dunkerley
|
|
Batting: SHB Jon Odle
|
0-0: Swinging Strike 0-1: Called Strike 0-2: Strikes out swinging
|
Batting: RHB Johnny Sherwood
|
0-0: Fly out, F5 (Line Drive, 56D, EV 68.1 MPH)
|
Bottom of the 5th over - 0 runs, 0 hits, 0 errors, 0 left on base; Coastal Carolina University 0 - Florida State University 2 |
TOP OF THE 6TH |
Coastal Carolina University Chanticleers batting - Pitching for Florida State University Seminoles : RHP Pat Knapke
|
Batting: SHB Iher Waithaka
|
0-0: Ball 1-0: Bunt for hit to 13S - play at first, batter OUT! 1-3
|
Batting: RHB Ferri Casteleijn
|
0-0: Ball 1-0: Ball 2-0: Called Strike 2-1: Fly out, F9 (Line Drive, 89M, EV 94.4 MPH)
|
Batting: RHB Tristan Williams
|
0-0: Foul Ball, location: 7LSF 0-1: Ball 1-1: Ball 2-1: Ball 3-1: Foul Ball, location: 2F 3-2: Foul Ball, location: 2F 3-2: Foul Ball, location: 2F 3-2: Strikes out swinging
|
Top of the 6th over - 0 runs, 0 hits, 0 errors, 0 left on base; Coastal Carolina University 0 - Florida State University 2 |
BOTTOM OF THE 6TH |
Florida State University Seminoles batting - Pitching for Coastal Carolina University Chanticleers : RHP Eric Dunkerley
|
Batting: RHB Tony Valdez
|
0-0: Called Strike 0-1: Ball 1-1: Ball 2-1: Foul Ball, location: 9LDF 2-2: Strikes out swinging
|
Batting: RHB Shu-yaan Louis
|
0-0: SINGLE (Line Drive, 6D, EV 104.4 MPH)
|
Batting: LHB Jeff Shields
|
0-0: Ball 1-0: Foul Ball, location: 7LDF 1-1: Ball Shu-yaan Louis steals 2nd base 2-1: Called Strike 2-2: Foul Ball, location: 9LSF 2-2: Strikes out swinging
|
Batting: SHB John Welsh
|
0-0: Swinging Strike 0-1: Ball 1-1: Swinging Strike 1-2: Strikes out looking
|
Bottom of the 6th over - 0 runs, 1 hit, 0 errors, 1 left on base; Coastal Carolina University 0 - Florida State University 2 |
TOP OF THE 7TH |
Coastal Carolina University Chanticleers batting - Pitching for Florida State University Seminoles : RHP Pat Knapke
|
Batting: RHB Mark Tart
|
0-0: Called Strike 0-1: Ground out 4-3 (Groundball, 4, EV 106.3 MPH)
|
Batting: RHB Chris McDaniel
|
0-0: Foul Ball, location: 23F 0-1: Swinging Strike 0-2: Strikes out swinging
|
Batting: LHB Nate Kokx
|
0-0: Foul Ball, location: 2F 0-1: Called Strike 0-2: Foul Ball, location: 3F 0-2: Ball 1-2: Ball 2-2: Ball 3-2: Strikes out swinging, 2-3 out at first.
|
Top of the 7th over - 0 runs, 0 hits, 0 errors, 0 left on base; Coastal Carolina University 0 - Florida State University 2 |
BOTTOM OF THE 7TH |
Florida State University Seminoles batting - Pitching for Coastal Carolina University Chanticleers : RHP Eric Dunkerley
|
Batting: LHB Matt Stewart
|
0-0: Called Strike 0-1: Ball 1-1: Ball 2-1: Ground out 6-3 (Groundball, 6, EV 88.8 MPH)
|
Batting: RHB J.R. Harvey
|
0-0: Called Strike 0-1: Fly out, F7 (Flyball, 78D, EV 93.1 MPH)
|
Batting: RHB George Smienk
|
0-0: Ball 1-0: Foul Ball, location: 2F 1-1: Ball 2-1: SOLO HOME RUN (Flyball, 7D, EV 93.1 MPH), Distance : 342 ft
|
Batting: SHB Jon Odle
|
0-0: Swinging Strike 0-1: Swinging Strike 0-2: Strikes out swinging
|
Bottom of the 7th over - 1 run, 1 hit, 0 errors, 0 left on base; Coastal Carolina University 0 - Florida State University 3 |
TOP OF THE 8TH |
Coastal Carolina University Chanticleers batting - Pitching for Florida State University Seminoles : RHP Pat Knapke
|
Pitching: LHP Carlo Pond
|
|
Batting: LHB Justin Sanders
|
0-0: Called Strike 0-1: Ball 1-1: Ball 2-1: Foul Ball, location: 3F 2-2: Strikes out swinging
|
Batting: RHB Rene Napoles
|
0-0: Ball 1-0: Called Strike 1-1: Swinging Strike 1-2: Ball 2-2: Strikes out swinging
|
Batting: LHB Jason Melek
|
0-0: Called Strike 0-1: Ball 1-1: Called Strike 1-2: Ball 2-2: Foul Ball, location: 5SF 2-2: SINGLE (Line Drive, 4D, EV 98.1 MPH)
|
Batting: SHB Iher Waithaka
|
0-0: Called Strike 0-1: Called Strike 0-2: Ball 1-2: Ball 2-2: Ball 3-2: Base on Balls Jason Melek to second
|
Pinch Hitting: RHB Johnnie Cowan
|
0-0: Called Strike 0-1: Called Strike 0-2: Strikes out looking
|
Top of the 8th over - 0 runs, 1 hit, 0 errors, 2 left on base; Coastal Carolina University 0 - Florida State University 3 |
BOTTOM OF THE 8TH |
Florida State University Seminoles batting - Pitching for Coastal Carolina University Chanticleers : RHP Eric Dunkerley
|
Pitching: RHP Ricky Diaz
|
|
Now at 2B: Mike Grogan
|
|
Batting: RHB Johnny Sherwood
|
0-0: Foul Ball, location: 2F 0-1: Fly out, F4 (Popup, 34S, EV 78.8 MPH)
|
Batting: RHB Tony Valdez
|
0-0: Ball 1-0: Reached on error, E3 (Groundball, 34S, EV 95.0 MPH)
|
Batting: RHB Shu-yaan Louis
|
0-0: Called Strike 0-1: Fly out, F9 (Flyball, 9LM, EV 100.0 MPH)
|
Batting: LHB Jeff Shields
|
0-0: Called Strike 0-1: Ball 1-1: Ball 2-1: Called Strike Tony Valdez steals 2nd, throwing error, E2 Tony Valdez to third 2-2: Foul Ball, location: 2RF 2-2: Ball 3-2: Strikes out swinging
|
Bottom of the 8th over - 0 runs, 0 hits, 2 errors, 1 left on base; Coastal Carolina University 0 - Florida State University 3 |
TOP OF THE 9TH |
Coastal Carolina University Chanticleers batting - Pitching for Florida State University Seminoles : LHP Carlo Pond
|
Pitching: LHP Angel Villatoro
|
|
Pinch Hitting: LHB Tim Kirby
|
0-0: Called Strike 0-1: Ball 1-1: Called Strike 1-2: Ball 2-2: Fly out, F7 (Flyball, 78M, EV 78.8 MPH)
|
Batting: RHB Mark Tart
|
0-0: Ball 1-0: Called Strike 1-1: SINGLE (Line Drive, 3D, EV 105.6 MPH)
|
Pinch Hitting: LHB Jeremy Stockwell
|
0-0: Foul Ball, location: 7LMF 0-1: Called Strike 0-2: Ball 1-2: Ball 2-2: Strikes out looking
|
Batting: LHB Nate Kokx
|
0-0: Called Strike 0-1: Ball 1-1: Swinging Strike 1-2: Foul Ball, location: 2LF 1-2: Ball 2-2: Strikes out swinging
|
Top of the 9th over - 0 runs, 1 hit, 0 errors, 1 left on base; Coastal Carolina University 0 - Florida State University 3 |
|